 Dungeon Crawl Stone Soup version 0.25.1-2-g60ff931df9 (webtiles) character file.

Game seed: 11573155797300390848

247995 gruber the Opulent (level 20, -6/155 HPs)
             Began as a Gnoll Ice Elementalist on Dec 6, 2020.
             Was an Initiate of Gozag.
             Killed from afar by Asterion (62 damage)
             ... with an orb of electricity
             ... on level 1 of the Vaults.
             The game lasted 01:51:30 (53663 turns).

gruber the Opulent (Gnoll Ice Elementalist)        Turns: 53663, Time: 01:51:31

Health: -6/155     AC: 21    Str: 12    XL:     20   Next: 0%
Magic:  3/37       EV: 18    Int: 36    God:    Gozag
Gold:   5671       SH: 17    Dex: 14    Spells: 16/46 levels left

rFire    + + +     SeeInvis +   C - +10 spear of Integrity {vorpal, rF+++ rN+ Str-3 SInv}
rCold    + . .     Gourm    .   t - +0 kite shield
rNeg     + . .     Faith    .   n - +3 ring mail {MR+}
rPois    +         Spirit   .   U - +2 helmet {Int+3}
rElec    .         Reflect  +   V - +0 cloak {Stlth+}
rCorr    .         Harm     .   X - +2 pair of gloves {Str+3}
MR       ++...                  q - +0 pair of boots
Stlth    ++++++....             O - amulet of Cucril {Reflect rC+ Dex-3 SH+5 SInv}
HPRegen  0.35/turn              Q - ring "Ekhlun" {rPois Int+3 Slay+4 Stlth+}
MPRegen  0.25/turn              a - ring of Ecoid {Wiz *Drain Int+6}

@: very slightly contaminated, lightly drained
A: distributed training, fangs 1, deterioration 1, strong nose
}: 1/15 runes: serpentine
a: Potion Petition, Call Merchant, Bribe Branch, Renounce Religion


You were on level 1 of the Vaults.
You worshipped Gozag.
Gozag was greatly pleased with you.
You were not hungry.

You visited 8 branches of the dungeon, and saw 34 of its levels.
You also visited: Ossuary, Ice Cave and Volcano.

You collected 14604 gold pieces.
You spent 5236 gold pieces at shops.
You paid 3697 gold pieces to Gozag.

Inventory:

Hand Weapons
 i - the +4 rapier of the Kidney {vamp, Int+4}
   (You found it on level 14 of the Dungeon)

   It inflicts no extra harm, but heals its wielder when it wounds a living foe.
   It affects your intelligence (+4).
 C - the +10 spear of Integrity (weapon) {vorpal, rF+++ rN+ Str-3 SInv}
   (You took it off a spriggan on level 2 of the Lair of Beasts)

   It inflicts extra damage upon your enemies.
   It affects your strength (-3).
   It renders you almost immune to fire.
   It protects you from negative energy.
   It lets you see invisible.
 W - the +7 captain's cutlass {speed, disarm}
   (You found it in an ice cave)

   Attacks with this weapon are significantly faster.
Missiles
 d - 19 silver javelins (quivered)
Armour
 n - a +3 ring mail of magic resistance (worn)
 q - a +0 pair of boots (worn)
 t - a +0 kite shield (worn)
 U - a +2 helmet of intelligence (worn)
 V - a +0 cloak of stealth (worn)
 X - a +2 pair of gloves of strength (worn)
Magical Staves
 Y - an uncursed staff of cold
Jewellery
 a - the ring of Ecoid (right hand) {Wiz *Drain Int+6}
   (You bought it in a shop on level 15 of the Dungeon)

   [ring of wizardry]

   It improves your spell success rate.
   It affects your intelligence (+6).
   It causes draining when unequipped.
 A - an uncursed ring of see invisible
 G - an uncursed ring of resist corrosion
 O - the amulet of Cucril (around neck) {Reflect rC+ Dex-3 SH+5 SInv}
   (You bought it in a shop on level 15 of the Dungeon)

   [amulet of reflection]

   It shields you and reflects attacks.
   It affects your dexterity (-3).
   It protects you from cold.
   It lets you see invisible.
   It affects your SH (+5).
 Q - the ring "Ekhlun" (left hand) {rPois Int+3 Slay+4 Stlth+}
   (You bought it in a shop on level 15 of the Dungeon)

   [ring of slaying]

   It affects your intelligence (+3).
   It affects your accuracy and damage with ranged weapons and melee attacks
   (+4).
   It protects you from poison.
   It makes you more stealthy.
 S - an uncursed ring of protection from fire
Wands
 F - a wand of clouds (9)
 K - a wand of flame (22)
 L - a wand of disintegration (12)
 M - a wand of digging (9)
 N - a wand of iceblast (34)
 P - a wand of enslavement (7)
 T - a wand of paralysis (51)
Scrolls
 e - 2 scrolls of blinking {unknown}
 f - 5 scrolls of amnesia {unknown}
 h - 17 scrolls of teleportation
 j - 6 scrolls of random uselessness {unknown}
 k - 5 scrolls of enchant weapon {unknown}
 l - 9 scrolls of fear
 p - 8 scrolls of remove curse
 s - 6 scrolls of magic mapping
 u - a scroll of holy word {unknown}
 y - 6 scrolls of fog {unknown}
 E - 2 scrolls of silence
 I - a scroll of identify
Potions
 b - 6 potions of heal wounds
 g - 5 potions of haste
 m - 15 potions of curing
 o - 9 potions of flight
 r - 2 potions of invisibility
 v - 3 potions of ambrosia
 w - 3 potions of stabbing
 x - 7 potions of berserk rage
 z - 4 potions of resistance
 B - a potion of cancellation
 D - 7 potions of lignification
 H - 2 potions of might
 J - 2 potions of brilliance
 Z - 3 potions of magic
Miscellaneous
 R - a lightning rod (4/4)
Comestibles
 c - 23 rations


   Skills:
 + Level 12.8(12.5) Fighting
 + Level 12.8(12.5) Short Blades
 + Level 12.8(12.5) Long Blades
 + Level 12.8(12.5) Axes
 + Level 12.8(12.5) Maces & Flails
 + Level 12.8(12.5) Polearms
 + Level 12.8(12.5) Staves
 + Level 12.8(12.5) Slings
 + Level 12.8(12.5) Bows
 + Level 12.8(12.5) Crossbows
 + Level 12.8(12.5) Throwing
 + Level 12.8(12.5) Armour
 + Level 13.5(13.1) Dodging
 + Level 13.4(13.0) Stealth
 + Level 12.8(12.5) Shields
 + Level 12.8(12.5) Unarmed Combat
 + Level 13.6(13.2) Spellcasting
 + Level 11.0(10.7) Conjurations
 + Level 11.0(10.7) Hexes
 + Level 11.0(10.7) Charms
 + Level 11.0(10.7) Summonings
 + Level 11.0(10.7) Necromancy
 + Level 11.0(10.7) Translocations
 + Level 11.0(10.7) Transmutations
 + Level 11.0(10.7) Fire Magic
 + Level 12.8(12.4) Ice Magic
 + Level 11.0(10.7) Air Magic
 + Level 11.0(10.7) Earth Magic
 + Level 11.0(10.7) Poison Magic
 + Level 13.8(13.5) Invocations
 + Level 12.8(12.5) Evocations


You had 16 spell levels left.
You knew the following spells:

 Your Spells              Type           Power        Failure   Level  Hunger
a - Freeze                Ice            ####         1%          1    None
b - Frozen Ramparts       Ice            ######       1%          3    None
c - Hailstorm             Conj/Ice       #######.     1%          4    None
d - Summon Ice Beast      Ice/Summ       #######.     1%          4    None
e - Bolt of Magma         Conj/Fire/Erth #######...   1%          5    None
f - Iron Shot             Conj/Erth      #######...   3%          6    ###....
g - Spellforged Servitor  Conj/Summ      #######...   17%         7    #####..

Your spell library contained the following spells:

 Spells                   Type           Power        Failure   Level  Hunger
 Corona                   Hex            #######      1%          1    None
 Magic Dart               Conj           ####         1%          1    None
 Sandblast                Erth           ######       1%          1    None
 Shock                    Conj/Air       ####         1%          1    None
 Summon Small Mammal      Summ           ####         1%          1    None
 Call Imp                 Summ           #######.     1%          2    None
 Ensorcelled Hibernation  Hex/Ice        ######       1%          2    None
 Passwall                 Tmut/Erth      #######.     1%          2    None
 Slow                     Hex            #######.     1%          2    None
 Swiftness                Chrm/Air       #######.     1%          2    None
 Call Canine Familiar     Summ           #######.     1%          3    None
 Confusing Touch          Hex            #######.     1%          3    None
 Dazzling Flash           Conj/Hex       ######       1%          3    None
 Gell's Gravitas          Tloc           #######...   1%          3    None
 Ozocubu's Armour         Chrm/Ice       #######.     1%          3    None
 Static Discharge         Conj/Air       #######.     1%          3    None
 Stone Arrow              Conj/Erth      ######       1%          3    None
 Summon Guardian Golem    Hex/Summ       #######.     1%          3    None
 Tukima's Dance           Hex            #######.     1%          3    None
 Airstrike                Air            #######...   1%          4    None
 Cause Fear               Hex            #######...   1%          4    None
 Leda's Liquefaction      Hex/Erth       #######...   1%          4    None
 Petrify                  Tmut/Erth      #######.     1%          4    None
 Summon Lightning Spire   Summ/Air       #######.     1%          4    None
 Iskenderun's Battlesphe  Conj/Chrm      #######.     1%          5    None
 Lee's Rapid Deconstruct  Erth           #######...   1%          5    None
 Lightning Bolt           Conj/Air       #######...   1%          5    None
 Metabolic Englaciation   Hex/Ice        #######...   1%          5    None
 Yara's Violent Unravell  Hex/Tmut       #######...   1%          5    None
 Freezing Cloud           Conj/Ice/Air   #######...   2%          6    ###....
 Statue Form              Tmut/Erth      #######..    3%          6    ###....
 Orb of Destruction       Conj           #######...   17%         7    #####..
 Chain Lightning          Conj/Air       #######...   77%         8    ######.
 Ignition                 Fire           #######...   77%         8    ######.
 Lehudib's Crystal Spear  Conj/Erth      #######...   77%         8    ######.
 Absolute Zero            Ice            #######...   100%        9    #######
 Fire Storm               Conj/Fire      #######...   100%        9    #######
 Shatter                  Erth           #######...   100%        9    #######
 Tornado                  Air            #######...   100%        9    #######


Dungeon Overview and Level Annotations

Branches:
Dungeon (15/15)            Temple (1/1) D:5            Lair (6/6) D:9
 Shoals (3/4) Lair:2        Snake (4/4) Lair:2        Slime (0/5) Lair:6
    Orc (2/2) D:12            Elf (0/3) Orc:2        Vaults (2/5) D:14
 Depths (1/5) D:15        Ossuary (visited)           IceCv (visited)
Volcano (visited)
  Crypt: Vaults:2-3

Altars:
Ashenzari
Cheibriados
Dithmenos
Elyvilon
Fedhas
Gozag
Hepliaklqana
Kikubaaqudgha
Makhleb
Nemelex Xobeh
Okawaru
Qazlal
Ru
Sif Muna
Trog
Uskayaw
Vehumet
Wu Jian
Xom
Yredelemnul
Zin
The Shining One
Beogh
Jiyva

Shops:
D:6 *   D:15 *}=[**[   Orc:2 ((:[   Shoals:2 !   Snake:3 [*   Snake:4 (?(
Depths:1 }

Portals:
Hell: Depths:1

Annotations:
Shoals:3 Polyphemus
Snake:3 Roxanne
Vaults:1 Asterion
Depths:1 3 runed translucent doors, Ofaov's ghost, adept GnVM


Innate Abilities, Weirdness & Mutations

Your experience applies equally to all skills.
You have very sharp teeth.
Your uncanny sense of smell can sniff out nearby items.
Your body sometimes deteriorates upon taking damage.


Message History

You feel strangely unstable.
Unknown command.
Unknown command.
The Executioner gestures.
The Executioner seems to speed up.
There is a large open door here.
Your surroundings suddenly seem different.
Unknown command.
You start resting.
Asterion is too close now for your liking.
Casting: Bolt of Magma (mildly dangerous; 1% risk of failure)
Confirm with . or Enter, or press ? or * to list all spells.
You miscast Spellforged Servitor.
You are very lightly contaminated with residual magic.
A fistful of eyes flickers past your view.
A nameless horror comes into view.
Asterion conjures a destructive force in the name of Makhleb!
The orb of electricity explodes!
The orb of electricity engulfs you!!!
You die...
Your body crumbles into a pile of gold.

########''######
#..1...#
#..H...#
#......#
#..q...#
#########......#
#...X...#......#
#...H...#$.....#
#.@###..$......#
#..#(#..#......#
#..###..########
#.......#
#.......#
#########


You could see Asterion (fast), a nameless horror and a +8 double sword.

Vanquished Creatures
  Jorgrun (Orc:1)
  An ancient champion (Vaults:1)
  A kraken (Shoals:3)
  Kirke (D:12)
  5 nagarajas
  A vault warden (Vaults:1)
  A stone giant (Depths:1)
  2 vampire knights (Vaults:1)
  Nessos (D:12)
  2 ettins (Depths:1)
  A fire dragon (Lair:6)
  A merfolk javelineer (Shoals:2)
  2 yaktaur captains
  A great orb of eyes (Vaults:1)
  5 merfolk impalers (Shoals:2)
  15 naga warriors
  6 ogre magi
  Fannar (Lair:2)
  An ice dragon (Vaults:1)
  10 hydras
  2 vault guards (D:14)
  A rakshasa (D:15)
  4 centaur warriors
  7 anacondas
  2 death yaks (Lair:6)
  18 two-headed ogres
  2 deep troll shamans (Depths:1)
  2 deep troll earth magi (Depths:1)
  A tengu warrior (D:15)
  19 naga sharpshooters
  5 shock serpents
  A deep elf knight (Vaults:2)
  A salamander mystic (Volcano)
  5 hell knights
  4 naga ritualists
  4 unseen horrors
  An unseen horror (shapeshifter) (D:13)
  7 deep trolls
  11 sea snakes
  2 glowing orange brains
  2 wizards
  Pikel (D:4)
  15 harpies
  2 necromancers
  5 orc knights
  2 ironbrand convokers (Vaults:1)
  3 deep elf magi
  7 mana vipers
  13 salamanders
  3 oklob plants (Lair:5)
  5 cyclopes
  12 ugly things
  A moth of wrath (Lair:2)
  8 fauns
  2 orc sorcerers (Orc:1)
  A manticore (shapeshifter) (D:15)
  7 manticores
  4 merfolk sirens
  2 vault sentinels (Vaults:2)
  Maurice (D:8)
  2 ice statues (IceCv)
  10 elephants
  14 naga magi
  23 black mambas
  8 guardian serpents
  5 spiny frogs
  A gargoyle (D:15)
  5 molten gargoyles
  A water nymph (Shoals:2)
  6 centaur skeletons
  5 yaktaurs
  A rime drake (shapeshifter) (D:15)
  5 komodo dragons
  7 tengu conjurers
  A freezing wraith (D:14)
  5 trolls
  12 merfolk
  3 wind drakes
  A polar bear (Lair:4)
  2 hornets (Lair:2)
  3 blink frogs (Lair:2)
  5 snapping turtles
  20 slime creatures
  6 dream sheep
  12 hippogriffs
  A meliai zombie (D:15)
  Sigmund (D:3)
  A yak (shapeshifter) (D:14)
  6 spriggans (Lair:2)
  A shadow (D:14)
  8 wyverns
  A hog (D:12)
  15 yaks
  19 humans (D:14)
  A hog (shapeshifter) (Vaults:1)
  2 hungry ghosts
  3 water elementals
  2 fire bats (Volcano)
  3 basilisks
  A steam dragon (Lair:6)
  A golden eye (shapeshifter) (Vaults:1)
  3 vampire mosquitoes (D:14)
  3 wargs
  Edmund (D:5)
  2 acid dragons
  4 hell hounds (Lair:6)
  58 nagas
  12 water moccasins
  Duvessa (D:7)
  3 porcupines
  12 ice beasts
  2 black bears
  15 orc warriors
  A sky beast (D:11)
  3 eyes of draining
  30 ogres
  19 wolves
  6 boggarts
  18 centaurs
  9 crocodiles
  4 big kobolds
  Blork the orc (D:4)
  14 bullfrogs
  4 scorpions
  Dowan (D:7)
  10 killer bees
  9 wights
  7 crimson imps
  5 howler monkeys
  8 lava snakes
  4 centaur zombies
  A quasit (D:9)
  A bullfrog zombie (D:10)
  6 jellies
  3 bullfrog skeletons
  7 orc priests
  7 hounds
  3 iguanas
  7 hell rats (Lair:5)
  Natasha (thrice) (D:4)
  18 orc wizards
  14 worker ants
  Ijyb (D:3)
  A big kobold zombie (Ossuary)
  2 hound zombies (D:6)
  2 hound skeletons (D:4)
  4 mummies (Ossuary)
  A worker ant zombie (D:5)
  3 gnolls (D:6)
  A howler monkey skeleton (D:4)
  12 adders
  8 shadow imps
  4 oozes
  2 adder skeletons
  2 worms
  3 dart slugs
  4 leopard geckos
  62 orcs
  9 bats
  8 giant cockroaches
  9 hobgoblins
  8 jackals
  A quokka (D:10)
  2 ball pythons
  4 frilled lizards (D:2)
  2 gnoll zombies (Ossuary)
  4 goblins
  A goblin zombie (Ossuary)
  2 hobgoblin zombies (Ossuary)
  27 kobolds
  2 leopard gecko skeletons
  An orc zombie (Ossuary)
  9 rats
  A fungus (Lair:6)
  6 plants
  4 tentacles (Shoals:3)
1034 creatures vanquished.

Vanquished Creatures (collateral kills)
  Vashnia (Snake:3)
  Donald (Snake:3)
  5 nagarajas (Snake:4)
  A frost giant (Depths:1)
  Aizul (Snake:1)
  A very ugly thing (D:14)
  A merfolk javelineer (Shoals:2)
  An ogre mage (Orc:2)
  A merfolk impaler (Shoals:3)
  The ghost of mavignon the Cleaver, a journeyman MiFi of Ru (D:11)
  5 hydras
  2 anacondas
  Erica (Lair:1)
  4 naga warriors
  The ghost of KrasnyyBoyets the Frost Mage, a journeyman BaIE of Gozag (Lair:2)
  A satyr (Shoals:2)
  9 two-headed ogres
  3 death yaks (Lair:6)
  A centaur warrior (D:14)
  2 shock serpents
  8 naga sharpshooters
  A hell knight (Depths:1)
  2 deep trolls (Depths:1)
  7 sea snakes
  A naga ritualist (Snake:4)
  A wizard (D:15)
  A lindwurm (Lair:6)
  A mana viper (Snake:4)
  3 harpies (Shoals:3)
  2 cyclopes (D:13)
  An oklob plant (Lair:5)
  7 ugly things
  3 fauns (Shoals:2)
  A manticore (D:13)
  9 slime creatures
  A salamander (Snake:4)
  A centaur zombie (D:12)
  5 black mambas
  An elephant (Lair:6)
  A guardian serpent (Snake:4)
  5 naga magi
  A centaur skeleton (D:10)
  A gargoyle (D:14)
  2 spiny frogs
  An efreet (D:15)
  2 komodo dragons
  3 yaktaurs (Depths:1)
  2 trolls
  A wind drake (shapeshifter) (D:15)
  5 merfolk (Shoals:3)
  A wolf spider simulacrum (D:14)
  A wind drake (Shoals:3)
  A hornet (D:10)
  2 snapping turtles
  5 dream sheep (Lair:4)
  A blink frog (Lair:2)
  5 hippogriffs
  3 wyverns
  A centaur simulacrum (D:14)
  A water elemental (Shoals:1)
  A human (D:14)
  3 basilisks
  2 hungry ghosts
  4 yaks (D:9)
  A spriggan (Lair:2)
  A vampire mosquito (D:14)
  11 nagas
  2 water moccasins
  A water moccasin (shapeshifter) (D:15)
  4 ice beasts
  3 wolves (Lair:2)
  2 necrophages
  A boggart (D:14)
  3 ogres
  A phantom (D:6)
  9 centaurs
  A crocodile (Lair:2)
  A bullfrog (Lair:2)
  A killer bee (D:11)
  3 wights (D:8)
  A lava snake (Lair:6)
  An orc wizard (D:9)
  A bullfrog skeleton (D:12)
  2 plants
204 creatures vanquished.

Vanquished Creatures (others)
  A naga mage (Snake:4)
  A vampire (D:13)
  2 humans (D:12)
  An iguana (D:12)
  A bush (Lair:6)
  18 fungi
  24 plants
  4 tentacles (Shoals:3)
52 creatures vanquished.

Grand Total: 1290 creatures vanquished

Notes
Turn   | Place    | Note
-------+----------+-------------------------------------------
     0 | D:1      | gruber the Gnoll Ice Elementalist began the quest for the
                  | Orb.
     0 | D:1      | Reached XP level 1. HP: 13/13 MP: 6/6
   140 | D:1      | Reached XP level 2. HP: 18/19 MP: 0/7
   637 | D:1      | Reached XP level 3. HP: 25/25 MP: 9/9
   689 | D:1      | Reached skill level 5 in Spellcasting
  1226 | D:1      | Learned a level 3 spell: Frozen Ramparts
  1349 | D:2      | Reached skill level 1 in Invocations
  1371 | D:2      | Reached skill level 1 in Fighting
  1371 | D:2      | Reached skill level 1 in Short Blades
  1371 | D:2      | Reached skill level 1 in Long Blades
  1371 | D:2      | Reached skill level 1 in Axes
  1371 | D:2      | Reached skill level 1 in Maces & Flails
  1371 | D:2      | Reached skill level 1 in Polearms
  1371 | D:2      | Reached skill level 1 in Staves
  1371 | D:2      | Reached skill level 1 in Slings
  1371 | D:2      | Reached skill level 1 in Bows
  1371 | D:2      | Reached skill level 1 in Crossbows
  1371 | D:2      | Reached skill level 1 in Throwing
  1371 | D:2      | Reached skill level 1 in Armour
  1371 | D:2      | Reached skill level 1 in Shields
  1371 | D:2      | Reached skill level 1 in Unarmed Combat
  1371 | D:2      | Reached skill level 1 in Evocations
  1505 | D:2      | Reached XP level 4. HP: 32/32 MP: 7/11
  2212 | D:3      | Noticed Sigmund
  2314 | D:3      | Reached skill level 1 in Conjurations
  2314 | D:3      | Reached skill level 1 in Hexes
  2314 | D:3      | Reached skill level 1 in Charms
  2314 | D:3      | Reached skill level 1 in Summonings
  2314 | D:3      | Reached skill level 1 in Necromancy
  2314 | D:3      | Reached skill level 1 in Translocations
  2314 | D:3      | Reached skill level 1 in Transmutations
  2314 | D:3      | Reached skill level 1 in Fire Magic
  2314 | D:3      | Reached skill level 1 in Air Magic
  2314 | D:3      | Reached skill level 1 in Earth Magic
  2314 | D:3      | Reached skill level 1 in Poison Magic
  2359 | D:3      | Found a glowing golden altar of the Shining One.
  2359 | D:3      | Found a basalt altar of Yredelemnul.
  2359 | D:3      | Found a shimmering blue altar of Sif Muna.
  2359 | D:3      | Found a shadowy altar of Dithmenos.
  2583 | D:3      | Reached XP level 5. HP: 37/37 MP: 8/12
  2748 | D:3      | Noticed Ijyb
  2751 | D:3      | Killed Ijyb
  3081 | D:3      | Killed Sigmund
  3081 | D:3      | Reached skill level 5 in Dodging
  3081 | D:3      | Reached XP level 6. HP: 44/44 MP: 7/14
  3301 | D:4      | Found a blossoming altar of Fedhas.
  3342 | D:4      | Noticed Blork the orc
  3348 | D:4      | Killed Blork the orc
  3458 | D:4      | Reached XP level 7. HP: 43/50 MP: 15/15
  3481 | D:4      | Noticed Pikel
  3484 | D:4      | Killed Pikel
  3484 | D:4      | Reached skill level 5 in Stealth
  3484 | D:4      | Reached XP level 8. HP: 44/57 MP: 12/16
  3683 | D:4      | Noticed Natasha
  3695 | D:4      | Killed Natasha
  3889 | D:4      | Noticed Natasha
  3894 | D:4      | Killed Natasha
  3936 | D:4      | Found a shimmering blue altar of Sif Muna.
  4018 | D:4      | Noticed Natasha
  4028 | D:4      | Killed Natasha
  4062 | D:5      | Entered Level 5 of the Dungeon
  4062 | D:5      | Found an opulent altar of Gozag.
  4320 | D:5      | Found a sand-covered staircase.
  4328 | Ossuary  | Entered an ossuary
  4830 | D:5      | Found a staircase to the Ecumenical Temple.
  4931 | Temple   | Entered the Ecumenical Temple
  5104 | D:5      | Became a worshipper of Gozag Ym Sagoz the Greedy
  5145 | D:6      | Noticed Edmund
  5173 | D:5      | Killed Edmund
  5173 | D:5      | Reached XP level 9. HP: 65/65 MP: 14/18
  5754 | D:6      | Found Koameik's Elemental Accessories.
  5790 | D:6      | Learned a level 4 spell: Hailstorm
  5795 | D:6      | Learned a level 4 spell: Summon Ice Beast
  6661 | D:6      | Found a radiant altar of Vehumet.
  6885 | D:7      | Found a basalt altar of Yredelemnul.
  7119 | D:7      | Found a hide-covered altar of Uskayaw.
  7143 | D:7      | Found an ancient bone altar of Kikubaaqudgha.
  7143 | D:7      | You fall into a shaft and drop 3 floors!
  7143 | D:10     | Entered Level 10 of the Dungeon
  7212 | D:10     | Noticed a red ugly thing
  7226 | D:10     | Killed a red ugly thing
  7226 | D:10     | Reached skill level 5 in Invocations
  7496 | D:9      | Reached XP level 10. HP: 73/73 MP: 9/20
  7886 | D:9      | Found a white marble altar of Elyvilon.
  7999 | D:9      | Reached skill level 5 in Fighting
  7999 | D:9      | Reached skill level 5 in Short Blades
  7999 | D:9      | Reached skill level 5 in Long Blades
  7999 | D:9      | Reached skill level 5 in Axes
  7999 | D:9      | Reached skill level 5 in Maces & Flails
  7999 | D:9      | Reached skill level 5 in Polearms
  7999 | D:9      | Reached skill level 5 in Staves
  7999 | D:9      | Reached skill level 5 in Slings
  7999 | D:9      | Reached skill level 5 in Bows
  7999 | D:9      | Reached skill level 5 in Crossbows
  7999 | D:9      | Reached skill level 5 in Throwing
  7999 | D:9      | Reached skill level 5 in Armour
  7999 | D:9      | Reached skill level 5 in Shields
  7999 | D:9      | Reached skill level 5 in Unarmed Combat
  7999 | D:9      | Reached skill level 5 in Evocations
  8040 | D:9      | Found a burning altar of Makhleb.
  8468 | D:8      | Noticed Maurice
  8476 | D:8      | Killed Maurice
  9003 | D:8      | Found a sacrificial altar of Ru.
  9370 | D:8      | Found a shattered altar of Ashenzari.
  9493 | D:8      | Found a sparkling altar of Nemelex Xobeh.
  9930 | D:7      | Noticed Duvessa
  9930 | D:7      | Noticed Dowan
  9939 | D:7      | Killed Dowan
  9943 | D:7      | Killed Duvessa
 10478 | D:9      | Found a hazy altar of Hepliaklqana.
 10692 | D:9      | Found a staircase to the Lair.
 10957 | D:10     | Reached XP level 11. HP: 81/81 MP: 15/22
 11270 | D:10     | Noticed a green ugly thing
 11279 | D:10     | Killed a green ugly thing
 11734 | D:10     | Paralysed by a hornet for 2 turns
 11738 | D:10     | Reached skill level 5 in Conjurations
 11738 | D:10     | Reached skill level 5 in Hexes
 11738 | D:10     | Reached skill level 5 in Charms
 11738 | D:10     | Reached skill level 5 in Summonings
 11738 | D:10     | Reached skill level 5 in Necromancy
 11738 | D:10     | Reached skill level 5 in Translocations
 11738 | D:10     | Reached skill level 5 in Transmutations
 11738 | D:10     | Reached skill level 5 in Fire Magic
 11738 | D:10     | Reached skill level 5 in Air Magic
 11738 | D:10     | Reached skill level 5 in Earth Magic
 11738 | D:10     | Reached skill level 5 in Poison Magic
 11976 | D:11     | Noticed a white ugly thing
 11991 | D:11     | Killed a white ugly thing
 12408 | D:11     | Found a shadowy altar of Dithmenos.
 12513 | D:11     | Found a runed translucent door.
 13108 | D:11     | Noticed mavignon's ghost (journeyman MiFi)
 13407 | D:12     | Killed an unseen horror
 13643 | D:12     | Noticed Nessos
 13806 | Lair:1   | Entered Level 1 of the Lair of Beasts
 13838 | Lair:1   | Noticed a five-headed hydra
 13858 | Lair:1   | Killed a five-headed hydra
 13865 | Lair:1   | Reached XP level 12. HP: 78/89 MP: 2/24
 14280 | Lair:1   | Noticed a five-headed hydra
 14299 | Lair:1   | Killed a five-headed hydra
 14468 | Lair:1   | Noticed Erica
 14482 | Lair:1   | Killed Erica
 15207 | Lair:2   | Noticed Fannar
 15379 | Lair:2   | Killed Fannar
 15394 | Lair:2   | Found a staircase to the Shoals.
 16126 | Lair:2   | Found a staircase to the Snake Pit.
 16127 | Lair:2   | Found a transporter.
 16135 | Lair:2   | Identified the +10 spear of Integrity {vorpal, rF+++ rN+
                  | Str-3 SInv}
 16135 | Lair:2   | Noticed a spriggan rider
 16137 | Lair:2   | Found a bloodstained altar of Trog.
 16137 | Lair:2   | Identified the cursed +3 spear of Kulew {flame, +Inv rPois
                  | Int-3 Dex+4}
 16137 | Lair:2   | Noticed a spriggan rider
 16142 | Lair:2   | Found a transporter.
 16153 | Lair:2   | Noticed KrasnyyBoyets's ghost (journeyman BaIE)
 16594 | Lair:3   | Reached XP level 13. HP: 98/98 MP: 26/26
 17608 | Lair:4   | Found a dark tunnel.
 17617 | Volcano  | Entered a volcano
 18097 | Volcano  | Found a burning altar of Makhleb.
 18101 | Volcano  | Reached XP level 14. HP: 105/105 MP: 11/27
 18227 | Volcano  | Reached skill level 10 in Ice Magic
 19496 | Lair:5   | Reached skill level 10 in Spellcasting
 20701 | Lair:6   | Entered Level 6 of the Lair of Beasts
 20923 | Lair:6   | Found a staircase to the Slime Pits.
 21078 | Lair:6   | Reached skill level 10 in Dodging
 21657 | Lair:6   | Reached skill level 10 in Stealth
 21684 | Lair:6   | Got a brightly glowing ring mail
 21745 | Lair:6   | Identified the +5 ring mail of Wisdom {Dex+3} (You found it
                  | on level 6 of the Lair of Beasts)
 22360 | Lair:6   | Found a shimmering blue altar of Sif Muna.
 22616 | Lair:6   | Found a large runed translucent door.
 22660 | Lair:6   | Reached skill level 10 in Invocations
 22841 | Lair:6   | Found a large runed translucent door.
 22874 | Lair:6   | Reached XP level 15. HP: 99/113 MP: 20/29
 23463 | D:12     | Noticed Kirke
 23470 | D:12     | Killed Kirke
 23809 | D:12     | Killed Nessos
 24098 | D:12     | Found a staircase to the Orcish Mines.
 24111 | D:12     | Found a roughly hewn altar of Beogh.
 25957 | D:14     | Identified the Handbook of Excruciating Hexes
 26113 | D:14     | Found a frozen archway.
 26129 | IceCv    | Entered an ice cave
 26296 | IceCv    | Found a transporter.
 26320 | IceCv    | Learned a level 5 spell: Bolt of Magma
 26333 | IceCv    | Found the +7 captain's cutlass {speed, disarm}
 26342 | IceCv    | Found a transporter.
 26351 | IceCv    | HP: 3/115 [white ugly thing (12)]
 26858 | D:14     | Got a fading rapier
 27922 | D:14     | Reached skill level 10 in Fighting
 27922 | D:14     | Reached skill level 10 in Short Blades
 27922 | D:14     | Reached skill level 10 in Long Blades
 27922 | D:14     | Reached skill level 10 in Axes
 27922 | D:14     | Reached skill level 10 in Maces & Flails
 27922 | D:14     | Reached skill level 10 in Polearms
 27922 | D:14     | Reached skill level 10 in Staves
 27922 | D:14     | Reached skill level 10 in Slings
 27922 | D:14     | Reached skill level 10 in Bows
 27922 | D:14     | Reached skill level 10 in Crossbows
 27922 | D:14     | Reached skill level 10 in Throwing
 27922 | D:14     | Reached skill level 10 in Armour
 27922 | D:14     | Reached skill level 10 in Shields
 27922 | D:14     | Reached skill level 10 in Unarmed Combat
 27922 | D:14     | Reached skill level 10 in Evocations
 28245 | D:14     | Reached XP level 16. HP: 88/122 MP: 25/31
 28575 | D:14     | Identified the +4 rapier of the Kidney {vamp, Int+4} (You
                  | found it on level 14 of the Dungeon)
 28596 | D:14     | Found a gate to the Vaults.
 28832 | D:15     | Entered Level 15 of the Dungeon
 28832 | D:15     | Found Imios's General Store.
 29287 | D:15     | Found a staircase to the Depths.
 29369 | D:15     | Gained mutation: Your body sometimes deteriorates upon
                  | taking damage. [a shining eye]
 29786 | D:15     | Found Kurhifidd's General Store.
 29832 | D:15     | Bought a scroll of enchant armour for 150 gold pieces
 29932 | D:15     | Found Caecivu's Gadget Shoppe.
 30036 | D:15     | Found Pomac's Armour Shop.
 30038 | D:15     | Found Riynip's Weapon Emporium.
 30463 | Orc:1    | Entered Level 1 of the Orcish Mines
 30464 | Orc:1    | Noticed Jorgrun
 30469 | Orc:1    | You fall into a shaft and drop 1 floor!
 30469 | Orc:2    | Entered Level 2 of the Orcish Mines
 30911 | Orc:1    | Killed Jorgrun
 31721 | Orc:2    | Found Nypsuos's Armour Emporium.
 31721 | Orc:2    | Found Etoav's Book Boutique.
 31722 | Orc:2    | Found Cieh's Weapon Boutique.
 31722 | Orc:2    | Found Miorympirgh's Weapon Shoppe.
 31865 | Orc:2    | Found a staircase to the Elven Halls.
 31940 | Orc:2    | Bought a +3 chain mail of poison resistance for 352 gold
                  | pieces
 32140 | Snake:1  | Entered Level 1 of the Snake Pit
 32898 | Snake:1  | Reached XP level 17. HP: 100/130 MP: 32/32
 33041 | Snake:1  | Noticed Aizul
 33074 | Snake:1  | Killed Aizul
 36766 | D:15     | Bought a glowing buckler for 300 gold pieces
 36766 | D:15     | Bought a runed buckler for 300 gold pieces
 36790 | D:15     | Bought the cursed +0 scale mail of the Shore {rPois Dex+5
                  | Stlth+} for 484 gold pieces
 36801 | D:15     | Bought a +0 helmet of intelligence for 218 gold pieces
 36816 | D:15     | Bought the amulet of Cucril {Reflect rC+ Dex-3 SH+5 SInv}
                  | for 502 gold pieces
 36816 | D:15     | Bought the ring "Ekhlun" {rPois Int+3 Slay+4 Stlth+} for
                  | 1179 gold pieces
 36816 | D:15     | Bought the ring of Ecoid {Wiz *Drain Int+6} for 528 gold
                  | pieces
 36918 | Depths:1 | Entered Level 1 of the Depths
 37164 | Depths:1 | Found an iron altar of Okawaru.
 37277 | Depths:1 | Found a gateway to Hell.
 37310 | Depths:1 | Found a runed translucent gate.
 37310 | Depths:1 | Found a runed translucent gate.
 37396 | Depths:1 | Found a runed translucent gate.
 37396 | Depths:1 | Found an ancient bone altar of Kikubaaqudgha.
 37396 | Depths:1 | Noticed an ancient lich
 37396 | Depths:1 | Noticed an ancient lich
 37396 | Depths:1 | Noticed an ancient lich
 37396 | Depths:1 | Noticed a lich
 37397 | Depths:1 | Noticed Ofaov's ghost (adept GnVM)
 38095 | Depths:1 | Found Xuim's Gadget Shoppe.
 39675 | Shoals:1 | Entered Level 1 of the Shoals
 40207 | Shoals:1 | Reached XP level 18. HP: 89/138 MP: 32/34
 41130 | Shoals:2 | Reached skill level 10 in Conjurations
 41130 | Shoals:2 | Reached skill level 10 in Hexes
 41130 | Shoals:2 | Reached skill level 10 in Charms
 41130 | Shoals:2 | Reached skill level 10 in Summonings
 41130 | Shoals:2 | Reached skill level 10 in Necromancy
 41130 | Shoals:2 | Reached skill level 10 in Translocations
 41130 | Shoals:2 | Reached skill level 10 in Transmutations
 41130 | Shoals:2 | Reached skill level 10 in Fire Magic
 41130 | Shoals:2 | Reached skill level 10 in Air Magic
 41130 | Shoals:2 | Reached skill level 10 in Earth Magic
 41130 | Shoals:2 | Reached skill level 10 in Poison Magic
 41863 | Shoals:2 | Found Nastro's Distillery.
 42429 | Shoals:3 | Noticed Polyphemus
 44710 | Snake:3  | Identified Roxanne's Compendium of Clay
 44710 | Snake:3  | Noticed Roxanne
 44802 | Snake:3  | Noticed Vashnia
 44992 | Snake:3  | Learned a level 6 spell: Iron Shot
 45000 | Snake:3  | Learned a level 7 spell: Spellforged Servitor
 45063 | Snake:3  | Killed Vashnia
 45406 | Snake:3  | Found Itaines's Antique Armour Shop.
 45414 | Snake:3  | Bought a brightly glowing chain mail for 342 gold pieces
 45855 | Snake:3  | Found Cocsasyu's Assorted Antiques.
 45919 | Snake:3  | Noticed Donald
 45932 | Snake:3  | Killed Donald
 46136 | Snake:4  | Entered Level 4 of the Snake Pit
 47726 | Snake:4  | Reached XP level 19. HP: 127/146 MP: 32/36
 47984 | Snake:4  | Found Mezeirch's Antique Weapon Shoppe.
 48846 | Snake:4  | Found Hyufil's Magic Scroll Emporium.
 48848 | Snake:4  | Found Zizonod's Weapon Shoppe.
 48850 | Snake:4  | Bought a scroll of identify for 34 gold pieces
 48850 | Snake:4  | Bought a scroll of identify for 34 gold pieces
 48850 | Snake:4  | Bought a scroll of identify for 34 gold pieces
 48850 | Snake:4  | Identified the +7 chain mail of Foolhardiness {Dex+4} (You
                  | bought it in a shop on level 3 of the Snake Pit)
 50016 | Snake:4  | Got a serpentine rune of Zot
 50790 | Vaults:1 | Entered Level 1 of the Vaults
 51055 | D:11     | Killed mavignon's ghost
 51201 | Lair:2   | Killed KrasnyyBoyets's ghost
 52042 | D:15     | Bought a ration for 50 gold pieces
 52042 | D:15     | Bought a ration for 50 gold pieces
 52042 | D:15     | Bought a ration for 50 gold pieces
 52042 | D:15     | Bought a ration for 50 gold pieces
 52042 | D:15     | Bought a ration for 50 gold pieces
 52042 | D:15     | Bought a ration for 50 gold pieces
 52042 | D:15     | Bought a ration for 50 gold pieces
 52042 | D:15     | Bought a ration for 50 gold pieces
 52042 | D:15     | Bought a ration for 50 gold pieces
 52042 | D:15     | Bought a ration for 50 gold pieces
 52912 | D:15     | Bought a +2 pair of gloves of strength for 279 gold pieces
 53623 | Vaults:1 | Noticed Asterion
 53633 | Vaults:1 | Reached XP level 20. HP: 111/155 MP: 15/37
 53663 | Vaults:1 | Killed from afar by Asterion

Illustrated notes

Levels and vault maps discovered:
D:1:      tarquinn_simple_flora_water_a, layout_basic, minmay_tetromino_o4
D:2:      layout_basic, nrook_loot_triangle, minmay_fractal_squares_5
D:3:      layout_loops_ring, chequers_temple_overflow_statue_of_worship,
          mrwooster_statue_mirror, chequers_mini_garden, uniq_sigmund, uniq_ijyb
D:4:      layout_basic, fedhas_altar_fruit_tree, first_ration,
          serial_bayou_lagoon_a, amethyst_killhole, led_sif_pool, uniq_natasha,
          uniq_pikel, uniq_blork_the_orc
D:5:      layout_loops_ring, nicolae_gozag_seed_capital,
          minmay_temple_entry_ruins, nicolae_ossuary_entry_plus
D:6:      layout_layer_cave, basic_altar, nicolae_elemental_shop, uniq_edmund
D:7:      layout_basic, eat_drink_and_be_merry_uskayaw, kiku_gazebo_pond_becter,
          grunt_ogre_cave, minmay_misc_feat_iff, yredelemnul_altar_generic,
          uniq_duvessa
D:8:      layout_basic, lemuel_doored_altar, nemelex_xobeh_ov_fountains_minmay,
          evilmike_ruin_ashenzari, uniq_maurice
D:9:      layout_irregular_city, kennysheep_mini, overflow_temple_1_default,
          old_standard_altar, lair_entry_dummy, wad_dig_loot
D:10:     layout_basic, minivault_19
D:11:     layout_loops_ring, gammafunk_ghost_grave, minivault_24,
          nicolae_dithmenos_through_a_glass_darkly
D:12:     layout_basic, minmay_orc_entry_temple_small,
          hangedman_corner_corridor, uniq_kirke, uniq_nessos
D:13:     layout_roguey
D:14:     layout_basic, grunt_vaults_entry_tiered,
          portal_ice_cave_entry_ice_beasts, minivault_28
D:15:     gammafunk_enter_depths_forms, layout_rooms, serial_shops, shop_statue,
          shop_fountains, shop_statue, nicolae_shop_waterfront,
          nicolae_shop_waterfront, serial_rivers,
          chequers_serial_rivers_micro_b, chequers_serial_rivers_micro_b,
          chequers_serial_rivers_room_a, chequers_serial_rivers_micro_c,
          chequers_serial_rivers_room_a
Temple:   pf_slime_end_temple
Lair:1:   layout_gridlike, uniq_erica
Lair:2:   wander_river, layout_hall_layers, minmay_shoals_entry_centaurs,
          dummy_snake_entry, gammafunk_ghost_wrathful_warriors,
          serial_bayou_pond_a, uniq_fannar
Lair:3:   layout_roguey
Lair:4:   layout_cave_pods, enter_volcano_2, lemuel_fruit_tree
Lair:5:   layout_cave_pods, minmay_lair_oklob_chamber, grunt_megastairs_5
Lair:6:   cheibrodos_lair_end_hotspot, layout_gridlike,
          nicolae_slime_entry_slimehenge, lemuel_centaur_altar
Shoals:1: layout_shoals
Shoals:2: layout_shoals, serial_shops, shop, nicolae_shoals_mertower
Shoals:3: layout_shoals, uniq_polyphemus
Snake:1:  layout_layer_cave, grunt_ministairs_7, uniq_aizul
Snake:2:  layout_rooms, nicolae_coiled_stairwell_up
Snake:3:  layout_rooms, serial_shops, nicolae_shop_crystal,
          nicolae_shop_overgrown_old_shop, grunt_ministairs_4, drop_trap,
          uniq_roxanne, uniq_vashnia, uniq_donald
Snake:4:  grunt_snake_rune_pools, layout_cave_town, serial_shops, shop,
          grunt_ministairs_5, serial_bayou_shore_b, minmay_shoptagon
Orc:1:    layout_caves, uniq_jorgrun
Orc:2:    st_orc_ogre_mass, layout_caves
Vaults:1: ontoclasm_vaults_ring_large, hangedman_vaults_capsules,
          v_alt_pattern_2, nicolae_vaults_specimen_jars, nicolae_vaults_big_ls,
          v_misc_26, sword_in_stone, v_misc_27, layout_vaults_big_room
Vaults:2: v_misc_17, v_misc_11, v_rooms_1, v_misc_10, vaults_dpeg_hooks,
          hangedman_vaults_pinch, hangedman_vaults_stagger,
          nicolae_vaults_mini_display_case, vaults_room_guarded_vault,
          ontoclasm_vaults_ligature, layout_vaults_big_cross, serial_shops,
          shop, uniq_asterion
Depths:1: layout_cave_shapes, roderic_lattice_octagonal_star,
          gammafunk_ghost_crypt, serial_shops, nicolae_shop_behind_doors,
          hell_entry, minmay_misc_feat_more_columns, okawaru_ov_weapons_minmay,
          serial_bayou_shore_b

Skill      XL: |  1  2  3  4  5  6  7  8  9 10 11 12 13 14 15 16 17 18 19 |
---------------+----------------------------------------------------------+-----
Spellcasting   | 5 6 7 8 9 10 11 12 13 | 13.6
Invocations    | 1 2 3 4 5 6 7 8 9 10 11 12 13 | 13.8
Fighting       | 1 2 3 4 5 6 8 9 10 11 12 | 12.8
Short Blades   | 1 2 3 4 5 6 8 9 10 11 12 | 12.8
Long Blades    | 1 2 3 4 5 6 8 9 10 11 12 | 12.8
Axes           | 1 2 3 4 5 6 8 9 10 11 12 | 12.8
Maces & Flails | 1 2 3 4 5 6 8 9 10 11 12 | 12.8
Polearms       | 1 2 3 4 5 6 8 9 10 11 12 | 12.8
Staves         | 1 2 3 4 5 6 8 9 10 11 12 | 12.8
Slings         | 1 2 3 4 5 6 8 9 10 11 12 | 12.8
Bows           | 1 2 3 4 5 6 8 9 10 11 12 | 12.8
Crossbows      | 1 2 3 4 5 6 8 9 10 11 12 | 12.8
Throwing       | 1 2 3 4 5 6 8 9 10 11 12 | 12.8
Armour         | 1 2 3 4 5 6 8 9 10 11 12 | 12.8
Shields        | 1 2 3 4 5 6 8 9 10 11 12 | 12.8
Unarmed Combat | 1 2 3 4 5 6 8 9 10 11 12 | 12.8
Evocations     | 1 2 3 4 5 6 8 9 10 11 12 | 12.8
Conjurations   | 1 2 3 4 5 6 7 8 9 10 11 | 11.0
Hexes          | 1 2 3 4 5 6 7 8 9 10 11 | 11.0
Charms         | 1 2 3 4 5 6 7 8 9 10 11 | 11.0
Summonings     | 1 2 3 4 5 6 7 8 9 10 11 | 11.0
Necromancy     | 1 2 3 4 5 6 7 8 9 10 11 | 11.0
Translocations | 1 2 3 4 5 6 7 8 9 10 11 | 11.0
Transmutations | 1 2 3 4 5 6 7 8 9 10 11 | 11.0
Fire Magic     | 1 2 3 4 5 6 7 8 9 10 11 | 11.0
Air Magic      | 1 2 3 4 5 6 7 8 9 10 11 | 11.0
Earth Magic    | 1 2 3 4 5 6 7 8 9 10 11 | 11.0
Poison Magic   | 1 2 3 4 5 6 7 8 9 10 11 | 11.0
Dodging        | 5 6 7 8 9 10 11 12 13 | 13.5
Stealth        | 5 6 7 8 9 10 11 12 13 | 13.4
Ice Magic      | 8 9 10 11 12 | 12.8

Action                   |  1- 3 |  4- 6 |  7- 9 | 10-12 | 13-15 | 16-18 | 19-21 || total
-------------------------+-------+-------+-------+-------+-------+-------+-------++-------
Melee: Unarmed           |     7 |       |       |       |       |       |       ||     7
       Short sword       |    29 |    59 |       |       |       |       |       ||    88
       Bite              |     4 |    14 |    24 |    33 |    67 |   110 |    53 ||   305
       Long sword        |       |    24 |     5 |       |       |       |       ||    29
       Punch             |       |     1 |     6 |    10 |    11 |       |       ||    28
       Whip              |       |       |   222 |    53 |       |       |       ||   275
       Mace              |       |       |       |   262 |       |       |       ||   262
       Staff             |       |       |       |    24 |   286 |    74 |       ||   384
       Cutlass           |       |       |       |       |   205 |    48 |       ||   253
       Broad axe         |       |       |       |       |    43 |       |       ||    43
       Rapier            |       |       |       |       |       |   908 |   307 ||  1215
       Spear             |       |       |       |       |       |       |   223 ||   223
Throw: Dart              |       |       |     2 |       |       |       |       ||     2
 Cast: Freeze            |    27 |     4 |     5 |    10 |    32 |     7 |       ||    85
       Frozen Ramparts   |     2 |    16 |    39 |    76 |   103 |   107 |    37 ||   380
       Summon Ice Beast  |       |       |     8 |    63 |   121 |   141 |    37 ||   370
       Hailstorm         |       |       |       |    22 |    75 |    87 |    24 ||   208
       Bolt of Magma     |       |       |       |       |    13 |    48 |    21 ||    82
       Spellforged Servi |       |       |       |       |       |     9 |     6 ||    15
Invok: Call Merchant     |       |       |       |       |       |     3 |     1 ||     4
       Potion Petition   |       |       |       |       |       |     1 |       ||     1
Evoke: Wand              |       |       |       |     1 |     2 |     2 |       ||     5
       Lightning rod     |       |       |       |     4 |     6 |     7 |     3 ||    20
  Use: Potion            |       |       |     1 |     1 |     2 |     1 |       ||     5
       Scroll            |       |       |       |    11 |     9 |    14 |     4 ||    38
 Stab: Sleeping          |     3 |     7 |     6 |     3 |     2 |    27 |    11 ||    59
       Distracted        |       |       |       |     4 |     6 |    10 |     9 ||    29
       Paralysed         |       |       |       |       |     4 |       |       ||     4
  Eat: Chunk             |     2 |     7 |     5 |       |       |       |       ||    14
       Ration            |       |       |     3 |    10 |    13 |    19 |     6 ||    51
Armor: Robe              |     5 |    15 |    14 |     6 |       |       |       ||    40
       Ring mail         |       |       |       |   135 |   197 |   219 |    46 ||   597
       Chain mail        |       |       |       |       |     1 |   109 |       ||   110
Dodge: Dodged            |    38 |    78 |   149 |   284 |   372 |   489 |   123 ||  1533
Block: Buckler           |       |       |       |       |    79 |   414 |       ||   493
       Reflection        |       |       |       |       |       |    74 |    22 ||    96
       Kite shield       |       |       |       |       |       |    53 |   230 ||   283
       Rpst.: Long sword |       |    10 |       |       |       |       |       ||    10
